 Dungeon Crawl Stone Soup version 0.20-a0-984-ge8aa303 (webtiles) character file.

83 Krakonus1 the Covered (level 4, 0/35 HPs)
             Began as a Bultungin Skald on Apr 10, 2017.
             Slain by Sigmund
             ... wielding a +0 scythe
              (12 damage)
             ... on level 2 of the Dungeon.
             The game lasted 00:09:36 (2052 turns).

Krakonus1 the Covered (Bultungin Skald)             Turns: 2052, Time: 00:09:37

Health: 0/35       AC:  3    Str: 11    XL:     4   Next: 44%
Magic:  0/8        EV: 12    Int: 13    God:
Gold:   55         SH:  0    Dex: 13    Spells: 8/9 levels left

rFire    . . .     SeeInvis +   a - +0 falchion
rCold    . . .     Gourm    .   (no shield)
rNeg     . . .     Faith    .   b - +0 leather armour
rPois    .         Spirit   +   (no helmet)
rElec    .         Reflect  .   (no cloak)
rCorr    .         Harm     .   (no gloves)
MR       .....                  (no boots)
Stlth    +.........             i - amulet of guardian spirit
Regen    0.2/turn               (no ring)
MPRegen  0.2/turn               (no ring)

@: infused
A: short attention span, fangs 1, see invisible, strong nose
a: no special abilities


You were on level 2 of the Dungeon.
You were not hungry.

You visited 1 branch of the dungeon, and saw 2 of its levels.

You collected 55 gold pieces.

Inventory:

Hand Weapons
 a - a +0 falchion (weapon)
Missiles
 e - 30 stones (quivered)
Armour
 b - a +0 leather armour (worn)
 j - a +0 plate armour
 l - a +0 robe
Jewellery
 i - an amulet of guardian spirit (around neck)
Scrolls
 g - 2 scrolls of enchant weapon
 h - 2 scrolls of immolation
Books
 c - a book of Battle

   Spells                             Type                      Level
   a - Infusion                       Charms                       1
   b - Shroud of Golubria             Charms/Translocation         2
   c - Song of Slaying                Charms                       2
   d - Spectral Weapon                Hexes/Charms                 3
   e - Regeneration                   Charms/Necromancy            3
Comestibles
 d - a bread ration
 f - 2 chunks of flesh
 k - 2 fruits
 m - a meat ration


   Skills:
 - Level 3.0 Fighting
 - Level 3.0 Long Blades
 + Level 6.0 Armour
 - Level 3.0 Dodging
 - Level 3.2 Spellcasting
 - Level 4.4 Charms


You had 8 spell levels left.
You knew the following spells:

 Your Spells              Type           Power        Failure   Level  Hunger
a - Infusion              Chrm           ##..         6%          1    #......


Dungeon Overview and Level Annotations

Branches:
Dungeon (2/15)

Altars:

Annotations:
D:2 Sigmund


Innate Abilities, Weirdness & Mutations

You have a short attention span.
You have very sharp teeth.
You have supernaturally acute eyesight. (SInv)
Your uncanny sense of smell can sniff out nearby items.


Message History

You hit Sigmund!
Sigmund is heavily wounded.
Sigmund hits you with a scythe.
You closely miss Sigmund.
Sigmund is heavily wounded.
You closely miss Sigmund. Your bite misses Sigmund.
Sigmund is heavily wounded.
Sigmund closely misses you.
Your leather armour prevents you from hitting Sigmund.
Sigmund is heavily wounded.
Sigmund gestures at you while chanting. The magic dart hits you!
You barely miss Sigmund.
Sigmund is heavily wounded.
Sigmund closely misses you.
You riposte.
You hit Sigmund.
Sigmund is heavily wounded.
You barely miss Sigmund.
Sigmund is heavily wounded.
Sigmund hits you with a scythe!
You die...

#..........##.##....##
###..........##..#....#
.............###.#...<#
##........>.# #.#....#
##........## #.#....# ###
##.......# #......#
....###..##### ####...##
.......)############.....
.......@@............>...
$...##.%##....#####.#..#.
.......###.##..####.#....
....### #.###.#....#.##.
... ..# #...####.##. #.
## #.#####...###.##. . ..
.% #...#........ .####
#.###........ .# #.#
#........


You could see Sigmund.

Vanquished Creatures
  3 adders (D:2)
  A worm (D:2)
  2 dart slugs (D:1)
  A leopard gecko (D:2)
  2 ball pythons
  4 bats
  2 giant cockroaches
  8 hobgoblins
  6 jackals
  2 frilled lizards (D:2)
  5 goblins (D:1)
  6 kobolds
  4 rats (D:1)
46 creatures vanquished.

Notes
Turn   | Place    | Note
-------+----------+-------------------------------------------
     0 | D:1      | Krakonus1 the Bultungin Skald began the quest for the Orb.
     0 | D:1      | Reached XP level 1. HP: 18/18 MP: 4/4
   151 | D:1      | Reached skill level 2 in Armour
   266 | D:1      | Reached skill level 3 in Armour
   266 | D:1      | Reached XP level 2. HP: 12/24 MP: 3/6
   619 | D:1      | Reached skill level 4 in Armour
   649 | D:1      | Reached XP level 3. HP: 13/29 MP: 5/7
  1327 | D:2      | Noticed Sigmund
  1429 | D:1      | Reached skill level 5 in Armour
  1554 | D:2      | Reached XP level 4. HP: 26/35 MP: 6/8
  1861 | D:2      | Found a faded altar of an unknown god.
  1909 | D:2      | Reached skill level 6 in Armour
  2052 | D:2      | Slain by Sigmund

Vault maps used:
D:1:      dpeg_arrival_leaves_temple_mockup, minivault_27
D:2:      chequers_ecumenical_altar_simple_redux, uniq_sigmund

Skill      XL: |  1  2  3  4 |
---------------+-------------+-----
Armour         | 3 4 5 6 |  6.0
Fighting       | |  3.0
Long Blades    | |  3.0
Dodging        | |  3.0
Spellcasting   | |  3.2
Charms         | |  4.4

Action                   |  1- 3 |  4- 6 || total
-------------------------+-------+-------++-------
Melee: Falchion          |   127 |    37 ||   164
       Bite              |    13 |     5 ||    18
 Cast: Infusion          |     2 |     2 ||     4
  Use: Scroll            |     5 |       ||     5
       Potion            |     1 |     1 ||     2
  Eat: Chunk             |     2 |     2 ||     4
Armor: Leather armour    |    29 |     3 ||    32
Dodge: Dodged            |    80 |    30 ||   110
       Rpst.: Falchion   |    24 |    11 ||    35
